 Dungeon Crawl Stone Soup version 0.27-a0-1188-g73eefd5def (webtiles) character file.

Game seed: 11522134260732174132

5 1player the Insei (level 1, -3/13 HPs)
             Began as an Octopode Transmuter on May 21, 2021.
             Slain by a hobgoblin
             ... wielding a staff of death
              (5 damage)
             ... on level 1 of the Dungeon.
             The game lasted 00:01:28 (378 turns).

1player the Insei (Octopode Transmuter)              Turns: 378, Time: 00:01:29

Health: -3/13      AC:  1    Str:  9    XL:     1   Next: 80%
Magic:  3/3        EV: 13    Int: 15    God:
Gold:   0          SH:  0    Dex: 12    Spells: 3/4 levels left

rFire    . . .     SeeInvis .     - Unarmed
rCold    . . .     Faith    .   (no shield)
rNeg     . . .     Spirit   .   (helmet restricted)
rPois    .         Reflect  .   (no amulet)
rElec    .         Harm     .   (no ring)
rCorr    .         Rampage  .   (no ring)
Will     .....                  (no ring)
Stlth    ++........             (no ring)
HPRegen  0.04/turn              (no ring)
MPRegen  0.08/turn              (no ring)
                                (no ring)
                                (no ring)

@: no status effects
A: almost no armour, amphibious, 8 rings, camouflage 1, gelatinous body 1,
(nimble swimmer 1), tentacles
a: no special abilities


You were on level 1 of the Dungeon.
You visited 1 branch of the dungeon, and saw 1 of its levels.

You aren't carrying anything.


   Skills:
 - Level 1.0 Fighting
 - Level 2.0 Dodging
 + Level 3.4 Unarmed Combat
 - Level 2.0 Spellcasting
 - Level 2.0 Transmutations


You had 3 spell levels left.
You knew the following spells:

 Your Spells              Type           Power      Damage    Failure   Level
z - Beastly Appendage     Tmut           14%        N/A       10%         1

Your spell library contained the following spells:

 Spells                   Type           Power      Damage    Failure   Level
 Wereblood                Tmut           7%         N/A       14%         2
 Spider Form              Tmut/Pois      2%         N/A       41%         3
 Ice Form                 Ice/Tmut       4%         N/A       82%         4
 Hydra Form               Tmut           3%         N/A       95%         5


Dungeon Overview and Level Annotations

Branches:
Dungeon (1/15)

Altars:


Innate Abilities, Weirdness & Mutations

You cannot wear most types of armour.
You are amphibious.
You can wear up to eight rings at the same time.
Your skin changes colour to match your surroundings (Stealth+).
Your rubbery body absorbs attacks. (AC +1, EV +1)
((You are camouflaged near water. (Stealth+)))
You have tentacles for arms and can constrict up to eight enemies at once.


Message History

A jackal comes into view.
The jackal barks!
You hear a shout!
The jackal bites you.
Casting: Beastly Appendage (safe; 10% risk of failure)
Confirm with . or Enter, or press ? or * to list all spells.
One of your tentacles grows a vicious spike.
The jackal misses you.
You tentacle-slap the jackal but do no damage.
Your grab misses the jackal.
Your tentacle spike misses the jackal.
The jackal barely misses you. The jackal misses you.
You closely miss the jackal. You grab the jackal.
Your tentacle spike misses the jackal.
You constrict the jackal. The jackal misses you.
You tentacle-slap the jackal but do no damage.
You pierce the jackal.
The jackal is moderately wounded.
You constrict the jackal, but do no damage.
The jackal misses you.
A hobgoblin comes into view. It is wielding a staff of death.
You tentacle-slap the jackal but do no damage.
You pierce the jackal.
You kill the jackal!
Press: ? - help, v - describe, . - travel
Here: a hobgoblin, wielding a staff of death The floor.
Unknown command.
Your transformation is almost over.
Your tentacle spike disappears.
Casting: Beastly Appendage (safe; 10% risk of failure)
Confirm with . or Enter, or press ? or * to list all spells.
One of your tentacles grows a vicious spike.
The hobgoblin hits you with a staff of death.
You tentacle-slap the hobgoblin. Your grab misses the hobgoblin.
The hobgoblin is heavily wounded.
The hobgoblin hits you with a staff of death.
* * * LOW HITPOINT WARNING * * *
Your transformation is almost over.
Your tentacle spike disappears.
The hobgoblin hits you with a staff of death.
You die...

###..## ##.# #...##
###..# #.### ###...##
.. #.# #...### g..#
#.# ##.###
.....###.####).###
#.............##
#####..#.g.###..#
#....)#.@### ##.##
....##....## #..###
...#.#####.####
##...#
..............#####
###.#
....###.####.....####
#.# ##..##..#
#####....###.######
#...#.##
####..........#
.###.#.#g######
#..........#
..........รท)..##
#..........#


You could see a hobgoblin.

Vanquished Creatures
  A hobgoblin (D:1)
  2 jackals (D:1)
  2 goblins (D:1)
5 creatures vanquished.

Notes
Turn   | Place    | Note
-------+----------+-------------------------------------------
     0 | D:1      | 1player the Octopode Transmuter began the quest for the
                  | Orb.
     0 | D:1      | Reached XP level 1. HP: 13/13 MP: 3/3
   378 | D:1      | Slain by a hobgoblin

Illustrated notes

Levels and vault maps discovered:
D:1:      dpeg_arrival_tiny_a, layout_rooms

Action                   || total
-------------------------++-------
Melee: Unarmed           ||    19
       Constrict         ||     4
       Kick              ||     4
       Tentacles         ||     2
 Cast: Beastly Appendage ||     6
Armor: Skin              ||     2
Dodge: Dodged            ||    10

Table legend: (Time is in decaauts)
 A = Elapsed time spent in this place.
 B = Non-inter-level travel time spent in this place.
 C = Inter-level travel time spent in this place.
 D = Time resting spent in this place.
 E = Time spent auto-exploring this place.
 F = Levels seen in this place.
 G = Mean time per level.
                   A        B        C        D        E       F      G
               +--------+--------+--------+--------+--------+-----+--------+
         Total |    377 |    377 |      0 |    186 |      4 |   1 |  377.0 |
       Dungeon |    377 |    377 |      0 |    186 |      4 |   1 |  377.0 |
               +--------+--------+--------+--------+--------+-----+--------+

Top non-repeatable levels by time:
     D:1: 377 daAuts
